 Dungeon Crawl Stone Soup version 0.16.1-4-g8e1b745 (console) character file.

59 gw the Ducker (level 3, 0/22 HPs)
             Began as a Deep Elf Artificer on Mar 27, 2015.
             Succumbed to an adder's poison
             ... on level 2 of the Dungeon.
             The game lasted 00:02:12 (1745 turns).

gw the Ducker (Deep Elf Artificer)                  Turns: 1745, Time: 00:02:12

Health: 0/22       AC:  6    Str:  8    XL:     3   Next: 78%
Magic:  7/7        EV: 11    Int: 16    God:
Gold:   112        SH:  0    Dex: 16    Spells: 0 memorised, 2 levels left

rFire  . . .     SeeInvis .     a - +0 short sword
rCold  . . .     Clarity  .     k - +0 ring mail
rNeg   . . .     SustAb   .     (no shield)
rPois  .         Gourm    .     (no helmet)
rElec  .         Spirit   .     (no cloak)
rCorr  .         Warding  .     (no gloves)
rMut   .         Stasis   .     e - +0 pair of boots
MR     .....                    (no amulet)
Stlth  +.........               (no ring)
                                (no ring)

@: lethally poisoned (0 -> -6), not resistant to hostile enchantments, very
unstealthy
A: no striking features
a: no special abilities


You were on level 2 of the Dungeon.
You were not hungry.

You visited 1 branch of the dungeon, and saw 2 of its levels.

You collected 112 gold pieces.

Inventory:

Hand weapons
 a - a +0 short sword (weapon)
Missiles
 j - 17 arrows of frost
Armour
 e - a +0 pair of boots (worn)
 k - a +0 ring mail (worn)
Magical devices
 b - a wand of flame (10)
 c - a wand of enslavement (14)
 d - a wand of random effects (12)
Scrolls
 h - a scroll of blinking {unknown}
 i - 2 scrolls of recharging {unknown}
 l - a scroll of teleportation
 n - a scroll of amnesia {unknown}
 o - a scroll of identify {unknown}
 q - a scroll of enchant weapon {unknown}
Comestibles
 f - a bread ration
 g - 2 fruits
 m - a royal jelly


   Skills:
 + Level 2.4 Fighting
 - Level 1.0 Short Blades
 + Level 3.6 Dodging
 - Level 1.2 Stealth
 - Level 3.2 Evocations


You had 2 spell levels left.
You didn't know any spells.

Dungeon Overview and Level Annotations

Branches:
Dungeon (2/15)

Altars:


Message History

Evoke which item? (* to show all) (? for menu, Esc to quit)
Zapping:
d - a wand of random effects (14)
Press: ? - help, Shift-Dir - straight line, f/p - adder
Aim: an adder (heavily wounded)
The adder looks slightly unstable.
This wand has 13 charges left.
The adder barely misses you. The adder bites you but does no damage.
Unknown command.
Unknown command.
Unknown command.
Unknown command.
Evoke which item? (* to show all) (? for menu, Esc to quit)
Zapping:
d - a wand of random effects (13)
Press: ? - help, Shift-Dir - straight line, f/p - adder
Aim: an adder (heavily wounded)
The fireball explodes!
The fireball engulfs the adder.
You kill the adder!
The fireball engulfs you!
Ouch! That really hurt!
This wand has 12 charges left.
You die...

#.. #.. #.# #####
#.# ....# #>#
....# ...
....############.#
....'.......>..#.#
....#.######.###e#
####.......#...#.#
#.......###.#.#
#.......# #.#.#
#.......###.#.#
##..##......#.#
#####..#########.#
#......# #......#
#.###.#####.######
##


There were no monsters in sight!

Table legend:
 A = Turns spent in this place as a percentage of turns spent in the entire game.
 B = Non-inter-level travel turns spent in this place as a percentage of non-inter-level travel turns spent in the entire game.
 C = Inter-level travel turns spent in this place as a percentage of turns spent in this place.
 D = Turns resting spent in this place as a percentage of non-inter-level travel turns spent in this place.
 E = Turns spent auto-exploring this place as a percentage of non-inter-level travel turns spent in this place.
 F = Non-inter-level travel turns spent in this place divided by the number of levels of this place that you've seen.
                   A       B       C       D       E      F
               +-------+-------+-------+-------+-------+----------------------
         Total | 100.0 | 100.0 |   0.3 |   0.9 |   2.5 | 1516.5
       Dungeon | 100.0 | 100.0 |   0.3 |   0.9 |   2.5 | 1516.5
               +-------+-------+-------+-------+-------+----------------------

Table legend:
 A = Kills in this place as a percentage of kills in entire the game.
 B = Kills by you in this place as a percentage of kills by you in the entire game.
 C = Kills by friends in this place as a percentage of kills by friends in the entire game.
 D = Other kills in this place as a percentage of other kills in the entire game.
 E = Experience gained in this place as a percentage of experience gained in the entire game.
 F = Experience gained in this place divided by the number of levels of this place that you have seen.
                   A       B       C       D       E      F
               +-------+-------+-------+-------+-------+----------------------
         Total | 100.0 | 100.0 |  -nan |  -nan | 100.0 |  42.5
       Dungeon | 100.0 | 100.0 |  -nan |  -nan | 100.0 |  42.5
               +-------+-------+-------+-------+-------+----------------------

Vanquished Creatures
  An adder (D:2)
  2 worms (D:2)
  A giant gecko (D:1)
  An ooze (D:1)
  A giant cockroach (D:2)
  8 hobgoblins
  2 kobolds
  2 quokkas (D:2)
  4 bats (D:2)
  6 giant newts
  4 goblins
  2 rats (D:2)
34 creatures vanquished.

Notes
Turn   | Place    | Note
--------------------------------------------------------------
     0 | D:1      | gw, the Deep Elf Artificer, began the quest for the Orb.
     0 | D:1      | Reached XP level 1. HP: 11/11 MP: 2/2
   185 | D:1      | Reached skill level 1 in Fighting
   402 | D:1      | Reached XP level 2. HP: 16/16 MP: 5/5
  1064 | D:2      | Reached XP level 3. HP: 21/21 MP: 7/7
  1745 | D:2      | HP: 1/22 [shot self (14)]
  1745 | D:2      | Succumbed to an adder's poison

Action                   || total
-------------------------++-------
Melee: Short sword       ||   150
Evoke: Wand              ||     9
  Use: Scroll            ||     4
       Potion            ||     2
 Stab: Sleeping          ||     1
  Eat: Chunk             ||     3

Vault maps used:
D:1:      dpeg_arrival_orchard, minmay_curled_crystal,
          hangedman_decor_clover_reticule, roderic_serpentine_path
